 Dungeon Crawl Stone Soup version 0.23-a0-767-gdc19b93d68 (webtiles) character file.

7 Artagas the Scratcher (level 1, 0/9 HPs)
             Began as a Felid Transmuter on Jan 26, 2019.
             Slain by a hobgoblin
             ... wielding a +0 club
              (4 damage)
             ... on level 1 of the Dungeon.
             The game lasted 00:01:01 (81 turns).

Artagas the Scratcher (Felid Transmuter)              Turns: 81, Time: 00:01:02

Health: 0/9        AC:  1    Str:  6    XL:     1   Next: 83%
Magic:  3/4        EV: 19    Int: 14    God:
Gold:   0          SH:  0    Dex: 21    Spells: 3/4 levels left
                                        Lives:  0   Deaths: 0

rFire    . . .     SeeInvis +     - Unarmed
rCold    . . .     Gourm    .   (shield unavailable)
rNeg     . . .     Faith    .   (armour unavailable)
rPois    .         Spirit   .   (helmet unavailable)
rElec    .         Reflect  .   (cloak unavailable)
rCorr    .         Harm     .   (gloves unavailable)
MR       .....                  (boots unavailable)
Stlth    ++........             (no amulet)
HPRegen  0.03/turn              b - +5 ring of dexterity
MPRegen  0.09/turn              (no ring)

@: appendage, quick
A: very small, no armour, no weapons or thrown items, stealth, claws 1, fangs 3,
horns 2, see invisible, carnivore, speed 1, shaggy fur 1, slow metabolism 1,
sharp paws
a: End Transformation


You were on level 1 of the Dungeon.
You were not hungry.
You had grown temporary horns.
You visited 1 branch of the dungeon, and saw 1 of its levels.

Inventory:

Missiles
 a - 12 arrows
Jewellery
 b - a +5 ring of dexterity (left paw)
   (You found it on level 1 of the Dungeon)
Comestibles
 e - a ration


   Skills:
 + Level 1.2 Fighting
 + Level 2.9 Dodging
 + Level 3.1 Unarmed Combat
 + Level 2.1 Spellcasting
 + Level 2.3 Transmutations


You had 3 spell levels left.
You knew the following spells:

 Your Spells              Type           Power        Failure   Level  Hunger
a - Beastly Appendage     Tmut           #.....       9%          1    ##.....

Your spell library contained the following spells:

 Spells                   Type           Power        Failure   Level  Hunger
 Sticks to Snakes         Tmut           #.......     14%         2    ###....
 Spider Form              Tmut/Pois      #.........   41%         3    ####...
 Ice Form                 Ice/Tmut       #.......     82%         4    #####..
 Blade Hands              Tmut           #.........   94%         5    ######.


Dungeon Overview and Level Annotations

Branches:
Dungeon (1/15)

Altars:


Innate Abilities, Weirdness & Mutations

You cannot wear armour.
You are incapable of wielding weapons or throwing items.
Your paws allow you to move quietly. (Stealth)
You have sharp claws.
You have razor-sharp teeth.
You have supernaturally acute eyesight. (SInv)
You are carnivorous and can eat meat at any time.
You cover ground quickly.
You are covered in fur. (AC +1)
You have a slow metabolism.
Your sharp claws are effective at attacking unaware monsters.
You have a pair of horns on your head.


Message History

e - a ration Welcome, Artagas the Felid Transmuter.
Will you prevail where others failed? Will you find the Orb of Zot?
Press ? for a list of commands and other information.
Found a staircase leading out of the dungeon.
A goblin comes into view.
A goblin is nearby!
A goblin is nearby!
Casting: Beastly Appendage (safe; 10% risk of failure)
Confirm with . or Enter, or press ? or * to list all spells.
You grow a pair of large bovine horns.
A goblin comes into view.
A bat comes into view.
You scratch the goblin.
You kill the goblin!
You see here a goblin corpse.
A goblin comes into view.
Found a scroll labeled XINOQO MUTATE.
You see here a scratched ivory ring.
b - a scratched ivory ring You see here a goblin corpse.
Your transformation is almost over.
The goblin shouts!
The bat closely misses you.
A rat comes into view.
The bat barely misses you. The bat hits you but does no damage.
You barely miss the bat. You headbutt the bat, but do no damage.
The bat completely misses you.
Put on which piece of jewellery? (? for menu, Esc to quit)
You feel agile.
b - a +5 ring of dexterity (left paw)
The bat hits you but does no damage. The bat hits you but does no damage.
The bat closely misses you.
You scratch the bat but do no damage. You bite the bat.
The bat is heavily wounded.
The bat barely misses you.
You scratch the bat but do no damage.
The bat is heavily wounded.
A bat comes into view.
The bat hits you.
The bat moves out of view.
You scratch the bat.
You kill the bat!
The rat closely misses you.
You barely miss the rat.
Your horns disappear.
The rat barely misses you. The goblin closely misses you.
You barely miss the rat. You bite the rat.
You kill the rat!
The goblin completely misses you.
Casting: Beastly Appendage (safe; 10% risk of failure)
Confirm with . or Enter, or press ? or * to list all spells.
You grow a pair of large bovine horns.
The goblin hits you.
You closely miss the goblin. You headbutt the goblin.
The goblin is moderately wounded.
The goblin barely misses you.
You scratch the goblin. You bite the goblin.
You kill the goblin!
The goblin misses you.
You scratch the goblin. Your headbutt misses the goblin.
The goblin is heavily wounded.
Your transformation is almost over.
The goblin closely misses you.
You closely miss the goblin.
The goblin is heavily wounded.
The goblin closely misses you.
You scratch the goblin.
You kill the goblin!
You start resting.
Magic restored.
A bat is nearby!
A bat is nearby!
Your horns disappear.
Casting: Beastly Appendage (safe; 9% risk of failure)
Confirm with . or Enter, or press ? or * to list all spells.
You grow a pair of large bovine horns.
The bat misses you.
You see here a bat corpse.
You scratch the bat.
You kill the bat!
You start resting.
Your transformation is almost over.
You start resting.
Magic restored.
You start resting.
Your horns disappear.
You start resting.
A hobgoblin comes into view. It is wielding a +0 club.
Casting: Beastly Appendage (safe; 9% risk of failure)
Confirm with . or Enter, or press ? or * to list all spells.
You grow a pair of large bovine horns.
You closely miss the hobgoblin. The hobgoblin hits you with a +0 club.
You scratch the hobgoblin but do no damage.
Your bite misses the hobgoblin. The hobgoblin hits you with a +0 club.
You die...

#..#.#.. ..##
#......# ...
#..#.#.#rg#
#....#.#..####
#..........g..
#....†.#..###.
#.........#
#.###.##### #
#...g@#
#...†.#
#.....#
#.....#
#..<..#
#######


You could see a hobgoblin.

Vanquished Creatures
  2 bats (D:1)
  3 goblins (D:1)
  A rat (D:1)
6 creatures vanquished.

Notes
Turn   | Place    | Note
-------+----------+-------------------------------------------
     0 | D:1      | Artagas the Felid Transmuter began the quest for the Orb.
     0 | D:1      | Reached XP level 1. HP: 9/9 MP: 4/4
    81 | D:1      | Slain by a hobgoblin

Vault maps used:
D:1:      minmay_arrival_checkered_box

Action                   || total
-------------------------++-------
Melee: Unarmed           ||    15
       Bite              ||     3
       Headbutt          ||     2
 Cast: Beastly Appendage ||     4
Armor: Skin              ||     3
Dodge: Dodged            ||    14

Table legend:
 A = Non-vault XP
 B = Vault XP
 C = Vault XP percentage of total XP
 D = Non-vault monster count
 E = Vault monster count
 F = Vault count percentage of total count
                 A         B        C        D         E       F
            +---------+---------+-------+---------+---------+-------
      Total |      10 |       0 |   0.0 |       6 |       0 |   0.0
            +---------+---------+-------+---------+---------+-------
        D:1 |      10 |       0 |   0.0 |       6 |       0 |   0.0
            +---------+---------+-------+---------+---------+-------

Vault maps used:
D:1:      minmay_arrival_checkered_box

Table legend:
 A = Turns spent in this place as a percentage of turns spent in the entire game.
 B = Non-inter-level travel turns spent in this place as a percentage of non-inter-level travel turns spent in the entire game.
 C = Inter-level travel turns spent in this place as a percentage of turns spent in this place.
 D = Turns resting spent in this place as a percentage of non-inter-level travel turns spent in this place.
 E = Turns spent auto-exploring this place as a percentage of non-inter-level travel turns spent in this place.
 F = Non-inter-level travel turns spent in this place divided by the number of levels of this place that you've seen.
                   A       B       C       D       E      F
               +-------+-------+-------+-------+-------+----------------------
         Total | 100.0 | 100.0 |   0.0 |  46.9 |   3.7 |  81.0
       Dungeon | 100.0 | 100.0 |   0.0 |  46.9 |   3.7 |  81.0
               +-------+-------+-------+-------+-------+----------------------

Table legend:
 A = Kills in this place as a percentage of kills in entire the game.
 B = Kills by you in this place as a percentage of kills by you in the entire game.
 C = Kills by friends in this place as a percentage of kills by friends in the entire game.
 D = Other kills in this place as a percentage of other kills in the entire game.
 E = Experience gained in this place as a percentage of experience gained in the entire game.
 F = Experience gained in this place divided by the number of levels of this place that you have seen.
                   A       B       C       D       E      F
               +-------+-------+-------+-------+-------+----------------------
         Total | 100.0 | 100.0 |   N/A |   N/A | 100.0 |  10.0
       Dungeon | 100.0 | 100.0 |   N/A |   N/A | 100.0 |  10.0
               +-------+-------+-------+-------+-------+----------------------
